 Dungeon Crawl Stone Soup version 0.18.1-8-gdd0e5ea (webtiles) character file.

126 nikopol the Skirmisher (level 4, -3/61 HPs)
             Began as a Minotaur Berserker on June 5, 2016.
             Was a Believer of Trog.
             Killed from afar by a dart slug (6 damage)
             ... with a slug dart
             ... on level 3 of the Dungeon.
             The game lasted 00:02:40 (1468 turns).

nikopol the Skirmisher (Minotaur Berserker)         Turns: 1468, Time: 00:02:41

Health: -3/61      AC:  4    Str: 27    XL:     4   Next: 83%
Magic:  3/3        EV: 12    Int:  4    God:    Trog [**....]
Gold:   102        SH:  0    Dex: 10    Spells: 0 memorised, 3 levels left

rFire  . . .     SeeInvis .     a - +0 spear
rCold  . . .     Gourm    .     r - +0 leather armour
rNeg   . . .     Faith    .     (no shield)
rPois  .         Spirit   .     (helmet restricted)
rElec  .         Dismiss  .     q - +0 cloak
rCorr  .         Reflect  .     (no gloves)
SustAt .         Harm     .     (no boots)
MR     .....                    (no amulet)
Stlth  ..........               (no ring)
                                f - ring of wizardry

@: berserking, very quick, not resistant to hostile enchantments, extremely
unstealthy
A: retaliatory headbutt, horns 2
a: Berserk, Trog's Hand, Burn Spellbooks, Renounce Religion


You were on level 3 of the Dungeon.
You worshipped Trog.
Trog was pleased with you.
You were not hungry.

You visited 1 branch of the dungeon, and saw 3 of its levels.

You collected 102 gold pieces.

Inventory:

Hand Weapons
 a - a +0 spear (weapon)
Armour
 b - a +0 animal skin
 q - a +0 cloak (worn)
 r - a +0 leather armour (worn)
Jewellery
 f - a ring of wizardry (left hand)
Wands
 i - a wand of disintegration (8/24)
Scrolls
 e - 2 scrolls of enchant armour {unknown}
 g - a scroll of remove curse {unknown}
 h - 5 scrolls of identify {unknown}
 m - 2 scrolls of random uselessness {unknown}
 o - a scroll of recharging {unknown}
 s - a scroll of enchant weapon {unknown}
Potions
 j - 2 potions of curing {unknown}
 k - a potion of degeneration {unknown}
 p - a potion of brilliance {unknown}
Comestibles
 c - a bread ration
 d - a beef jerky
 l - a meat ration
 n - a royal jelly


   Skills:
 + Level 4.7 Fighting
 + Level 4.7 Polearms
 + Level 3.6 Armour
 + Level 3.1 Dodging


You had 3 spell levels left.
You didn't know any spells.

Dungeon Overview and Level Annotations

Branches:
Dungeon (3/15)

Altars:


Innate Abilities, Weirdness & Mutations

You reflexively headbutt those who attack you in melee.
You have a pair of horns on your head.


Message History

The kobold hits you with an enchanted whip.
* * * LOW HITPOINT WARNING * * *
A hobgoblin comes into view. It is wielding a club.
You barely miss the orc.
The hobgoblin shouts!
You headbutt the orc.
You kill the orc!
Trog accepts your kill. The jackal bites you.
* * * LOW HITPOINT WARNING * * *
You puncture the kobold!
You kill the kobold!
Trog accepts your kill. The jackal misses you.
You closely miss the goblin. You headbutt the goblin.
You kill the goblin!
Trog accepts your kill. The dart slug launches a dart at you.
The slug dart hits you!
You die...

#...### .# ####..... ...
......... ... .
....#.###.##g
...#.#..... #.#.#.#h##.
#.......... #..).h#
..###########..#@)#
............)..#))......
######.#######.#..w.....
....##.#######.#........
#.#............#..#.#...
#.##############..#.# ..
.......... .... . .
#.######## #### #.
..........


You could see a dart slug, 2 jackals and a hobgoblin.

Vanquished Creatures
  2 orc wizards (D:3)
  An adder (D:2)
  A dart slug (D:1)
  A giant gecko (D:1)
  4 orcs (D:3)
  A ball python (D:3)
  7 giant cockroaches
  8 goblins
  4 hobgoblins (D:1)
  8 kobolds
  A quokka (D:2)
  4 bats
  7 giant newts
  2 rats (D:1)
51 creatures vanquished.

Notes
Turn   | Place    | Note
--------------------------------------------------------------
     0 | D:1      | nikopol the Minotaur Berserker began the quest for the Orb.
     0 | D:1      | Reached XP level 1. HP: 19/19 MP: 0/0
   272 | D:1      | Reached XP level 2. HP: 25/27 MP: 1/1
   555 | D:1      | Reached ** piety under Trog
   561 | D:1      | Reached XP level 3. HP: 12/33 MP: 2/2
  1458 | D:3      | Reached XP level 4. HP: 17/41 MP: 3/3
  1466 | D:3      | HP: 3/61 [jackal (2)]
  1468 | D:3      | Killed from afar by a dart slug

Skill      XL: |  1  2  3  4 |
---------------+-------------+-----
Polearms       | 4 |  4.7
Fighting       | 4 |  4.7
Armour         | 3 |  3.6
Dodging        | 3 |  3.1

Action                   |  1- 3 |  4- 6 || total
-------------------------+-------+-------++-------
Melee: Spear             |   119 |    10 ||   129
       Headbutt          |    10 |     3 ||    13
Invok: Berserk           |     2 |       ||     2
 Stab: Sleeping          |     3 |       ||     3
  Eat: Chunk             |     3 |       ||     3
Armor: Animal skin       |    12 |       ||    12
       Leather armour    |     6 |     1 ||     7
Dodge: Dodged            |    44 |     5 ||    49
